 Dungeon Crawl Stone Soup version 0.29-a0-664-gff9cad4a3d (webtiles) character file.

Game seed: 2550833231786167287

631 inmateoo the Ruffian (level 7, -1/55 HPs)
             Began as a Demonspawn Fighter on June 22, 2022.
             Succumbed to an orc's poison
             ... on level 5 of the Dungeon.
             The game lasted 00:03:52 (4946 turns).

inmateoo the Ruffian (Demonspawn Fighter)           Turns: 4946, Time: 00:03:53

Health: -1/55      AC: 15    Str: 18    XL:     7   Next: 24%
Magic:  7/7        EV:  6    Int: 10    God:
Gold:   111        SH: 10    Dex: 18    Spells: 6/6 levels left

rFire   . . .      SeeInvis .     - Unarmed
rCold   . . .      Faith    .   b - +0 buckler
rNeg    . . .      Spirit   .   m - +0 plate armour
rPois   .          Reflect  +   d - +1 helmet
rElec   .          Harm     .   (no cloak)
rCorr   .          Rampage  .   (no gloves)
Will    .....                   (no boots)
Stlth   ..........              p - amulet of reflection
HPRegen 0.18/turn               g - +6 ring of dexterity
MPRegen 0.10/turn               (no ring)

@: lethally poisoned (-1 -> -17)
A: molten scales 1, demonic guardian 2, demonic magic 2
a: no special abilities


You were on level 5 of the Dungeon.
You visited 1 branch of the dungeon, and saw 5 of its levels.

You collected 153 gold pieces.
You spent 42 gold pieces at shops.

Inventory:

Missiles
 h - 3 throwing nets (quivered)
Armour
 b - a +0 buckler (worn)
 d - a +1 helmet (worn)
 m - a +0 plate armour (worn)
Jewellery
 g - a +6 ring of dexterity (left hand)
 l - a ring of fire
 p - an amulet of reflection (around neck)
Wands
 i - a wand of flame (11)
 r - a wand of quicksilver (8)
Scrolls
 e - 3 scrolls of teleportation
 o - 2 scrolls of enchant armour
Potions
 a - 3 potions of mutation
 c - a potion of might
 f - a potion of flight
 j - a potion of curing
 k - a potion of lignification
 n - 2 potions of berserk rage
 q - 2 potions of heal wounds {unknown}


   Skills:
 + Level 4.3 Fighting
 + Level 4.0 Armour
 + Level 2.2 Dodging
 + Level 4.0 Shields
 * Level 4.5 Unarmed Combat


You had 6 spell levels left.
You didn't know any spells.
Your spell library contained the following spells:

 Spells                   Type           Power      Damage    Failure   Level
 Fireball                 Conj/Fire      0%         3d3       100%        5
 Starburst                Conj/Fire      0%         6d3       100%        6
 Ignition                 Fire           0%         3d3       100%        8


Dungeon Overview and Level Annotations

Branches:
Dungeon (5/15)
 Temple: D:4-7

Altars:
Elyvilon
Wu Jian

Shops:
D:2 !   D:4 (!


Innate Abilities, Weirdness & Mutations

You are partially covered in molten scales. (AC +2)
A demonic guardian rushes to your aid.
Spells you cast may paralyse nearby enemies.


Message History

The orc hits you but does no damage.
You hit the orc.
You kill the orc!
You closely miss the orc. The orc hits you with a +0 flail.
You closely miss the orc. You block the orc's attack.
You hit the orc.
The orc is heavily wounded.
You block the orc's attack.
You hit the orc.
You kill the orc!
You hit the orc but do no damage. You hit the orc but do no damage.
The orc hits you with a +2 dagger of venom.
You are poisoned.
You barely miss the orc.
You feel very sick. The orc hits you but does no damage.
You are more poisoned.
You barely miss the orc.
You feel very sick.
The orc hits you with a +2 dagger of venom.
You are lethally poisoned!
You hit the orc but do no damage.
You feel extremely sick. The orc completely misses you.
You are too injured to fight recklessly!
You hit the orc but do no damage.
You feel very sick. The orc hits you but does no damage.
You hit the orc but do no damage.
* * * LOW HITPOINT WARNING * * *
You feel very sick. You block the orc's attack.
Aiming: Quicksilver Bolt
Press: ? - help, Shift-Dir - straight line, f - you That beam is likely to hit you.
Continue anyway?
The bolt of dispelling energy hits you!
* * * LOW HITPOINT WARNING * * *
A demonic guardian appears!
You die...

#### ######### ### ##..##
###..##...####@# ###....#
#.....#.....##o###.#....#
#............4o.##.##...#
###..............##.......#
#.##....##.....####......##
h..#..####......##.......#
....h..# #...............#
#.....###...............##
#.#.#.#
##...............###


You could see 2 orcs and a friendly rust devil (summoned).

Vanquished Creatures
  2 black bears
  A necrophage (D:4)
  A jelly (D:5)
  2 orc wizards
  3 adders
  2 worms (D:2)
  12 orcs
  3 endoplasms
  2 giant cockroaches (D:2)
  5 goblins
  5 hobgoblins
  8 jackals
  3 kobolds
  2 quokkas
  3 training dummies (D:4)
  12 ball pythons
  5 bats
  3 frilled lizards
  5 rats
79 creatures vanquished.

Vanquished Creatures (collateral kills)
  Grinder (D:3)
  3 worms (D:2)
  A hobgoblin (D:2)
5 creatures vanquished.

Vanquished Creatures (others)
  4 plants (D:2)
4 creatures vanquished.

Grand Total: 88 creatures vanquished

Notes
Turn   | Place    | Note
-------+----------+-------------------------------------------
     0 | D:1      | inmateoo the Demonspawn Fighter began the quest for the
                  | Orb.
     0 | D:1      | Reached XP level 1. HP: 18/18 MP: 1/1
   367 | D:1      | Found a faded altar of an unknown god.
   425 | D:1      | Gained mutation: A weak demonic guardian rushes to your
                  | aid. [demonic ancestry]
   425 | D:1      | Reached XP level 2. HP: 22/24 MP: 2/2
   881 | D:2      | Found Lidepaics's Distillery.
   889 | D:2      | Bought a potion of lignification for 42 gold pieces
  1464 | D:2      | Gained mutation: A demonic guardian rushes to your aid.
                  | [demonic ancestry]
  1464 | D:2      | Reached XP level 3. HP: 24/29 MP: 3/3
  2802 | D:3      | Noticed Grinder
  2813 | D:3      | Paralysed by Grinder for 3 turns
  2826 | D:3      | Paralysed by Grinder for 2 turns
  3132 | D:3      | Killed Grinder
  3133 | D:3      | Reached skill level 1 in Dodging
  3133 | D:3      | Gained mutation: Spells you cast may paralyse adjacent
                  | enemies. [demonic ancestry]
  3133 | D:3      | Reached XP level 4. HP: 26/37 MP: 4/4
  3133 | D:3      | Gained mutation: You are partially covered in molten
                  | scales. (AC +2) [demonic ancestry]
  3133 | D:3      | Reached XP level 5. HP: 30/42 MP: 5/5
  3574 | D:3      | Reached XP level 6. HP: 44/48 MP: 6/6
  3826 | D:3      | Found an ornate altar of the Wu Jian Council.
  4032 | D:4      | Found Jynnunuliph's Firing Range.
  4326 | D:4      | Found Zawypake's Distillery.
  4626 | D:5      | Entered Level 5 of the Dungeon
  4742 | D:5      | Gained mutation: Spells you cast may paralyse nearby
                  | enemies. [demonic ancestry]
  4742 | D:5      | Reached XP level 7. HP: 36/54 MP: 7/7
  4946 | D:5      | Succumbed to an orc's poison

Illustrated notes

Levels and vault maps discovered:
D:1:      lemuel_arrival_funnel, layout_basic, serial_aquarium,
          aquarium_bridge_long_separate [aquarium_subvault_bridge,
          aquarium_subvault_window, aquarium_subvault_wall,
          aquarium_subvault_window, aquarium_subvault_bridge,
          aquarium_subvault_bridge], aquarium_bridge_straight
          [aquarium_subvault_bridge, aquarium_subvault_wall,
          aquarium_subvault_bridge, aquarium_subvault_wall],
          aquarium_window_fake, aquarium_window_corner, aquarium_window_1,
          aquarium_view_2a, aquarium_view_2a, shapermc_ecumenical_altar_venn,
          hangedman_decor_lopped, item_on_display_a
D:2:      layout_basic, serial_shops, nicolae_shop_trees, serial_bayou,
          serial_bayou_crossing, serial_bayou_pond_d, serial_bayou_ford_a,
          serial_bayou_shore_b, nrook_mini_backslash, st_stairs_5
D:3:      layout_basic, gammafunk_temple_overflow_wave, uniq_grinder
D:4:      layout_basic, serial_shops, nicolae_shop_hallway_plus,
          minmay_misc_feat_iff, nicolae_shop_firing_range
D:5:      layout_cave_pools

Skill      XL: |  1  2  3  4  5  6  7 |
---------------+----------------------+-----
Unarmed Combat | 2 3 4 |  4.5
Shields        | 3 4 |  4.0
Armour         | 3 4 |  4.0
Dodging        | 1 2 |  2.2
Fighting       | 4 |  4.3

Action                   |  1- 3 |  4- 6 |  7- 9 || total
-------------------------+-------+-------+-------++-------
Melee: Unarmed           |   213 |   165 |    30 ||   408
Evoke: Wand              |       |       |     1 ||     1
  Use: Scroll            |     6 |     4 |       ||    10
Armor: Scale mail        |    42 |       |       ||    42
       Plate armour      |    60 |    99 |     8 ||   167
Dodge: Dodged            |    65 |    28 |     5 ||    98
Block: Buckler           |    59 |    44 |    16 ||   119

Table legend: (Time is in decaauts)
 A = Elapsed time spent in this place.
 B = Non-inter-level travel time spent in this place.
 C = Inter-level travel time spent in this place.
 D = Time resting spent in this place.
 E = Time spent auto-exploring this place.
 F = Levels seen in this place.
 G = Mean time per level.
                   A        B        C        D        E       F      G
               +--------+--------+--------+--------+--------+-----+--------+
         Total |   4963 |   4856 |    107 |   1872 |   2149 |   5 |  992.6 |
       Dungeon |   4963 |   4856 |    107 |   1872 |   2149 |   5 |  992.6 |
               +--------+--------+--------+--------+--------+-----+--------+

Top non-repeatable levels by time:
     D:2: 2314 daAuts
     D:3: 834 daAuts
     D:1: 768 daAuts
     D:4: 729 daAuts
     D:5: 317 daAuts
